 Dungeon Crawl Stone Soup version 0.27-a0-1200-g94dc6ad4cf (webtiles) character file.

Game seed: 16965911708323143123

555 flotson the Skirmisher (level 7, -2/55 HPs)
             Began as a Demonspawn Delver on May 31, 2021.
             Was an Initiate of Okawaru.
             Slain by a steam dragon (8 damage)
             ... on level 4 of the Dungeon.
             The game lasted 00:08:17 (5355 turns).

flotson the Skirmisher (Demonspawn Delver)          Turns: 5355, Time: 00:08:19

Health: -2/55      AC:  9    Str: 15    XL:     7   Next: 8%
Magic:  7/7        EV: 10    Int: 11    God:    Okawaru [......]
Gold:   167        SH:  0    Dex: 14    Spells: 6/6 levels left

rFire    . . .     SeeInvis .   q - +0 quarterstaff
rCold    . . .     Faith    .   (shield currently unavailable)
rNeg     + . .     Spirit   .   i - +0 scale mail
rPois    .         Reflect  .   (no helmet)
rElec    .         Harm     .   (no cloak)
rCorr    .         Rampage  .   (no gloves)
Will     +....                  (no boots)
Stlth    +.........             (no amulet)
HPRegen  0.18/turn              h - ring of positive energy
MPRegen  0.10/turn              s - ring of willpower

@: hasted, very quick
A: hooves 1, slimy green scales 2, demonic magic 1
a: Renounce Religion


You were on level 4 of the Dungeon.
You worshipped Okawaru.
Okawaru was noncommittal.
You visited 1 branch of the dungeon, and saw 5 of its levels.
You also visited: Sewer.

You collected 167 gold pieces.

Inventory:

Hand Weapons
 a - a +0 hand axe
 q - a +0 quarterstaff (weapon)
Armour
 i - a +0 scale mail (worn)
Jewellery
 h - a ring of positive energy (left hand)
 j - a ring of resist corrosion
 s - a ring of willpower (right hand)
Wands
 g - a wand of digging (3)
 u - a wand of polymorph (3)
Scrolls
 c - a scroll of fog
 d - a scroll of amnesia {unknown}
 e - 2 scrolls of fear
 f - 4 scrolls of teleportation {unknown}
 l - 4 scrolls of identify {unknown}
 o - a scroll of immolation {unknown}
 r - a scroll of blinking {unknown}
 v - a scroll of summoning {unknown}
Potions
 b - a potion of attraction {unknown}
 k - a potion of haste
 m - a potion of curing {unknown}
 n - 2 potions of mutation {unknown}
 p - a potion of brilliance {unknown}
 t - 3 potions of lignification {unknown}


   Skills:
 + Level 4.7 Fighting
 + Level 3.8 Axes
 + Level 3.1 Armour
 + Level 3.7 Dodging
 - Level 4.5 Stealth


You had 6 spell levels left.
You didn't know any spells.
Your spell library was empty.

Dungeon Overview and Level Annotations

Branches:
Dungeon (5/15)              Sewer (visited)
 Temple: D:4-7

Altars:
Okawaru
Qazlal

Shops:
D:5 [


Innate Abilities, Weirdness & Mutations

You have large cloven feet.
You are mostly covered in slimy green scales. (AC +3)
Spells you cast may paralyse adjacent enemies.


Message History

There is a stone staircase leading up here.
Found a stone staircase leading down.
v - a scroll labelled CONEFIW JEYCI A kobold comes into view.
It is wielding a +0 short sword.
Found 11 gold pieces and an emerald potion.
The kobold shouts!
The kobold barely misses you.
You hit the kobold.
You kill the kobold!
Okawaru accepts your kill.
No target in view!
No target in view!
No target in view!
No target in view!
No target in view!
Things that are here:
a +0 short sword; 4 stones; a kobold corpse A steam dragon is nearby!
A steam dragon is nearby!
The steam dragon hisses angrily.
You feel yourself speed up. The steam dragon breathes steam at you.
The ball of steam hits you!!
You hit the steam dragon. You kick the steam dragon.
The steam dragon is lightly wounded.
The steam dragon bites you!
The steam dragon claws you but does no damage.
You hit the steam dragon but do no damage.
You kick the steam dragon, but do no damage.
The steam dragon is lightly wounded.
The steam dragon closely misses you. The steam dragon claws you.
You sock the steam dragon!
The steam dragon is heavily wounded.
The steam dragon breathes steam at you. The ball of steam hits you!
* * * LOW HITPOINT WARNING * * *
You closely miss the steam dragon. You kick the steam dragon.
The steam dragon is heavily wounded.
The steam dragon bites you!
You die...

#......'⌠......⌠'........
........#.._.[_..#.#######
######.#.#⌠......⌠#.#
###.#.#........#.#
#.....##########.# #####
........§..§.....# #...#
..!......#...(...###...#
$.......D§§.............#
###...@.####.....##...#
#.....# #...#......#
#.....# #...###.#.##
#....## #...# #...##
#.....# ##### ##....
#.!$..# #....# #.....#
#....#
#.....##########....#
#...................#


You could see a steam dragon (catching breath).

Vanquished Creatures
  A water moccasin (Sewer)
  A centaur zombie (D:4)
  4 hounds
  An orc wizard (D:3)
  Natasha (thrice) (D:2)
  4 adders
  5 river rats (D:3)
  An adder skeleton (D:4)
  4 worms
  5 dart slugs
  3 orcs (D:3)
  4 ball pythons
  4 endoplasms
  4 giant cockroaches
  4 goblins
  13 hobgoblins
  4 jackals (D:3)
  7 kobolds
  3 quokkas
  9 bats
  5 frilled lizards
  7 rats
96 creatures vanquished.

Notes
Turn   | Place    | Note
-------+----------+-------------------------------------------
     0 | D:5      | flotson the Demonspawn Delver began the quest for the Orb.
     0 | D:5      | Reached XP level 1. HP: 18/18 MP: 1/1
    16 | D:5      | Noticed a gnoll sergeant
    35 | D:5      | Noticed a hound
    43 | D:5      | Noticed a hound
    64 | D:5      | Killed a hound
    65 | D:5      | Reached skill level 1 in Armour
    65 | D:5      | Gained mutation: You are partially covered in slimy green
                  | scales. (AC +2) [demonic ancestry]
    65 | D:5      | Reached XP level 2. HP: 7/24 MP: 2/2
    65 | D:5      | Reached XP level 3. HP: 9/29 MP: 3/3
   302 | D:5      | Noticed a scorpion
   314 | D:5      | Found Soshrek's Antique Armour Emporium.
   425 | D:4      | Found a stormy altar of Qazlal.
   437 | D:4      | Gained mutation: You have large cloven feet. [demonic
                  | ancestry]
   437 | D:4      | Reached XP level 4. HP: 22/35 MP: 4/4
   440 | D:4      | Found an iron altar of Okawaru.
   675 | D:4      | Noticed a steam dragon
   683 | D:4      | Became a worshipper of Warmaster Okawaru
  1047 | D:4      | Gained mutation: You are mostly covered in slimy green
                  | scales. (AC +3) [demonic ancestry]
  1047 | D:4      | Reached XP level 5. HP: 32/42 MP: 5/5
  1275 | D:3      | Found a glowing drain.
  1279 | Sewer    | Entered a sewer
  1473 | Sewer    | Noticed a water moccasin
  1521 | Sewer    | Killed a water moccasin
  1522 | Sewer    | Reached XP level 6. HP: 7/48 MP: 6/6
  2310 | D:1      | Found a faded altar of an unknown god.
  3232 | D:2      | Noticed Natasha
  3245 | D:2      | Killed Natasha
  3632 | D:2      | Noticed Natasha
  3645 | D:2      | Killed Natasha
  3702 | D:2      | Noticed Natasha
  3710 | D:2      | Killed Natasha
  3710 | D:2      | Reached * piety under Okawaru
  4893 | D:3      | Gained mutation: Spells you cast may paralyse adjacent
                  | enemies. [demonic ancestry]
  4893 | D:3      | Reached XP level 7. HP: 32/55 MP: 7/7
  5355 | D:4      | Slain by a steam dragon

Illustrated notes

Levels and vault maps discovered:
D:1:      lightli_arrival_statuegarden, layout_basic,
          chequers_ecumenical_altar_simple_redux
D:2:      layout_basic, uniq_natasha
D:3:      layout_basic, lightli_sewer_entry_pipes, grunt_ministairs_15
D:4:      mumra_celtic_spiral_tile, layout_rooms, jmf_multi_god_temple
D:5:      layout_cave_pools, serial_shops, shop_statue, kennysheep_dice

Skill      XL: |  1  2  3  4  5  6 |
---------------+-------------------+-----
Axes           | 2 3 |  3.8
Armour         | 1 2 3 |  3.1
Dodging        | 2 3 |  3.7
Fighting       | 4 |  4.7
Stealth        | |  4.5

Action                   |  1- 3 |  4- 6 |  7- 9 || total
-------------------------+-------+-------+-------++-------
Melee: Hand axe          |    36 |   215 |       ||   251
       Kick              |       |    80 |    11 ||    91
       Quarterstaff      |       |    98 |    57 ||   155
  Use: Potion            |     2 |     2 |     1 ||     5
       Scroll            |       |     1 |       ||     1
 Stab: Sleeping          |       |     6 |     1 ||     7
Armor: Leather armour    |    14 |    36 |       ||    50
       Scale mail        |       |   123 |    16 ||   139
Dodge: Dodged            |    20 |   197 |    29 ||   246

Table legend: (Time is in decaauts)
 A = Elapsed time spent in this place.
 B = Non-inter-level travel time spent in this place.
 C = Inter-level travel time spent in this place.
 D = Time resting spent in this place.
 E = Time spent auto-exploring this place.
 F = Levels seen in this place.
 G = Mean time per level.
                   A        B        C        D        E       F      G
               +--------+--------+--------+--------+--------+-----+--------+
         Total |   5450 |   5285 |    165 |      0 |   4101 |   6 |  908.3 |
       Dungeon |   4909 |   4744 |    165 |      0 |   3691 |   5 |  981.8 |
         Sewer |    541 |    541 |      0 |      0 |    409 |   1 |  541.0 |
               +--------+--------+--------+--------+--------+-----+--------+

Top non-repeatable levels by time:
     D:3: 1606 daAuts
     D:1: 1156 daAuts
     D:2: 949 daAuts
     D:4: 875 daAuts
   Sewer: 541 daAuts
     D:5: 321 daAuts
